 Dungeon Crawl Stone Soup version 0.29-a0-582-ge82337ba6a (webtiles) character file.

Game seed: 8015814259825452504

484 bande the Covered (level 7, -5/44 HPs)
             Began as a Gargoyle Fighter on June 14, 2022.
             Slain by an ogre
             ... wielding a +0 giant spiked club
              (22 damage)
             ... on level 5 of the Dungeon.
             The game lasted 00:08:19 (4937 turns).

bande the Covered (Gargoyle Fighter)                Turns: 4937, Time: 00:08:20

Health: -5/44      AC: 27    Str: 20    XL:     7   Next: 12%
Magic:  7/7        EV:  4    Int: 10    God:
Gold:   301        SH:  4    Dex: 11    Spells: 6/6 levels left

rFire   + + +      SeeInvis +   a - +0 war axe (spect)
rCold   . . .      Faith    .   c - +0 buckler
rNeg    + . .      Spirit   .   s - +1 crystal plate armour "Feos" {rF++}
rPois   ∞          Reflect  .   o - +0 helmet
rElec   +          Harm     .   h - +2 cloak
rCorr   .          Rampage  .   (no gloves)
Will    .....                   (no boots)
Stlth   ..........              (no amulet)
HPRegen 0.14/turn               p - ring of protection from fire
MPRegen 0.10/turn               (no ring)

@: no status effects
A: sickness immunity, AC +4, negative energy resistance 1, electricity
resistance, torment resistance 1, petrification resistance, see invisible,
clever 1, sturdy frame 1
a: no special abilities


You were on level 5 of the Dungeon.
You visited 1 branch of the dungeon, and saw 5 of its levels.

You collected 301 gold pieces.

Inventory:

Hand Weapons
 a - a +0 spectral war axe (weapon)
 b - a +2 vorpal mace
 k - a +0 war axe
Armour
 c - a +0 buckler (worn)
 h - a +2 cloak (worn)
 o - a +0 helmet (worn)
 s - the +1 crystal plate armour "Feos" (worn) {rF++}
   (You acquired it on level 5 of the Dungeon)

   rF:        It greatly protects you from fire.
Jewellery
 p - a ring of protection from fire (left hand)
Wands
 r - a wand of polymorph (3)
Scrolls
 i - a scroll of teleportation
Potions
 d - a potion of might
 f - 2 potions of haste
 g - 2 potions of mutation
 j - 4 potions of curing
 l - 2 potions of heal wounds {unknown}
 m - 2 potions of berserk rage {unknown}
 q - a potion of flight {unknown}


   Skills:
 + Level 4.4 Fighting
 + Level 4.5 Axes
 + Level 5.4 Armour
 + Level 4.2 Shields
 * Level 0.5 Evocations


You had 6 spell levels left.
You didn't know any spells.
Your spell library contained the following spells:

 Spells                   Type           Power      Damage    Failure   Level
 Beastly Appendage        Tmut           0%         N/A       100%        1
 Wereblood                Tmut           0%         N/A       100%        2
 Confusing Touch          Hex            0%         N/A       100%        3
 Spider Form              Tmut/Pois      0%         N/A       100%        3
 Yara's Violent Unravell  Hex/Tmut       0%         3d3       100%        5
 Enfeeble                 Hex            0%         N/A       100%        7


Dungeon Overview and Level Annotations

Branches:
Dungeon (5/15)
 Temple: D:4-7

Altars:
Ashenzari
Gozag
Kikubaaqudgha

Shops:
D:5 :


Innate Abilities, Weirdness & Mutations

You are immune to sickness and miasma.
Your stone body is resilient. (AC +4)
You are immune to poison.
You resist negative energy. (rN+)
You are resistant to electric shocks. (rElec)
You are resistant to unholy torment.
You are immune to petrification.
You have supernaturally acute eyesight. (SInv)
Your mind is acute. (Int +2)
Your movements are slightly less encumbered by armour. (ER -2)


Message History

As you read the scroll of identify, it crumbles to dust.
f - 2 potions of haste You drop 2 potions of lignification.
You start removing your armour.
You continue taking off your +0 plate armour. x4
You finish taking off your +0 plate armour.
You start putting on your armour.
You continue putting on the +1 crystal plate armour "Feos" {rF++}. x5
You finish putting on the +1 crystal plate armour "Feos" {rF++}.
You drop a +0 plate armour.
You open the door.
There is an open door here.
You open the door.
There is an open door here.
You open the door. You open the door.
There is an open door here.
An ogre comes into view. It is wielding a +0 giant spiked club.
The ogre barely misses you.
You barely miss the ogre. You hit the ogre but do no damage.
The ogre hits you with a +0 giant spiked club.
You slash the ogre!
The ogre is moderately wounded.
The ogre barely misses you.
You barely miss the ogre.
The ogre is moderately wounded.
The ogre hits you with a +0 giant spiked club!
You hit the ogre.
The ogre is heavily wounded.
The ogre hits you with a +0 giant spiked club!
You are too injured to fight recklessly!
You are too injured to fight recklessly!
You are too injured to fight recklessly!
You are too injured to fight recklessly!
You hit the ogre.
The ogre is heavily wounded.
The ogre hits you with a +0 giant spiked club!!
Ouch! That really hurt!
You die...

############
#.@O.......#
#.########.# #.#
#.######## #.#
#.#....... #.#
#.#.#####.
###.########.#.#...#.
#..........#.#.#.#.#.
#...######.#.#.#.#.#.
#...#....#.#.#.#.#.#.


You could see an ogre.

Vanquished Creatures
  A black bear (D:5)
  A phantom (D:5)
  A scorpion (D:5)
  Crazy Yiuf (D:3)
  Natasha (twice) (D:3)
  Robin (D:4)
  2 adders
  3 gnolls (D:4)
  A white imp (D:5)
  An ufetubus (D:4)
  3 worms
  A dart slug (D:3)
  An orc (D:5)
  5 ball pythons
  2 bats (D:1)
  6 endoplasms
  A giant cockroach (D:2)
  23 goblins
  5 hobgoblins
  14 jackals
  3 quokkas
  5 frilled lizards
  8 kobolds
  7 rats
  A spectral kobold (D:1)
99 creatures vanquished.

Vanquished Creatures (others)
  Natasha (D:3)
1 creature vanquished.

Grand Total: 100 creatures vanquished

Notes
Turn   | Place    | Note
-------+----------+-------------------------------------------
     0 | D:1      | bande the Gargoyle Fighter began the quest for the Orb.
     0 | D:1      | Reached XP level 1. HP: 14/14 MP: 1/1
   340 | D:1      | Reached XP level 2. HP: 16/19 MP: 2/2
   745 | D:1      | Found a faded altar of an unknown god.
   814 | D:1      | Reached XP level 3. HP: 24/24 MP: 3/3
  1195 | D:2      | Reached XP level 4. HP: 29/29 MP: 4/4
  1818 | D:3      | Found an opulent altar of Gozag.
  2114 | D:3      | Noticed Natasha
  2121 | D:3      | Killed Natasha
  2122 | D:3      | Reached skill level 4 in Armour
  2249 | D:3      | Noticed Natasha
  2252 | D:3      | Found an ancient bone altar of Kikubaaqudgha.
  2329 | D:3      | Killed Natasha
  2851 | D:3      | Found a runed translucent door.
  2852 | D:3      | Noticed Crazy Yiuf
  2947 | D:3      | Noticed Natasha
  2952 | D:3      | Killed Natasha
  2953 | D:3      | Reached XP level 5. HP: 29/33 MP: 5/5
  3038 | D:3      | Killed Crazy Yiuf
  3914 | D:4      | Noticed Robin
  3922 | D:4      | Killed Robin
  3923 | D:4      | Reached XP level 6. HP: 30/38 MP: 6/6
  4249 | D:5      | Entered Level 5 of the Dungeon
  4260 | D:5      | Found a broken altar of Ashenzari.
  4260 | D:5      | Noticed a black bear
  4305 | D:5      | Reached skill level 5 in Armour
  4312 | D:5      | Killed a black bear
  4596 | D:5      | Found Golaups's Book Emporium.
  4634 | D:5      | Gained mutation: Your mind is acute. (Int +2) [potion of
                  | mutation]
  4634 | D:5      | Gained mutation: Your movements are slightly less
                  | encumbered by armour. (ER -2) [potion of mutation]
  4634 | D:5      | Gained mutation: You have supernaturally acute eyesight.
                  | (SInv) [potion of mutation]
  4808 | D:5      | Reached XP level 7. HP: 44/44 MP: 7/7
  4808 | D:5      | Identified a scroll of acquirement
  4808 | D:5      | Acquired the +1 crystal plate armour "Feos" {rF++}
  4937 | D:5      | Slain by an ogre

Illustrated notes

Levels and vault maps discovered:
D:1:      dpeg_arrival_erosion, layout_rooms,
          dreamdust_ecumenical_altar_drowned_temple, minmay_pentomino_s4
D:2:      layout_basic
D:3:      layout_rooms, nicolae_gozag_seed_capital,
          mainiacjoe_overflow_brackets, uniq_natasha, uniq_crazy_yiuf_cottage
D:4:      kennysheep_goblin_castle, layout_loops_corners,
          minmay_misc_feat_alley, nrook_loot_triangle
D:5:      kennysheep_six_static_rooms, layout_basic,
          ashenzari_conservatory_becter, serial_shops, nicolae_shop_trees

Skill      XL: |  1  2  3  4  5  6 |
---------------+-------------------+-----
Axes           | 2 3 4 |  4.5
Armour         | 4 5 |  5.4
Fighting       | 4 |  4.4
Shields        | 4 |  4.2
Evocations     | |  0.5

Action                   |  1- 3 |  4- 6 |  7- 9 || total
-------------------------+-------+-------+-------++-------
Melee: War axe           |    94 |    91 |     6 ||   191
  Use: Scroll            |     3 |     6 |     3 ||    12
       Potion            |       |     1 |       ||     1
Armor: Scale mail        |    63 |     4 |       ||    67
       Plate armour      |       |    66 |       ||    66
Dodge: Dodged            |    48 |    24 |     2 ||    74
Block: Buckler           |    20 |    27 |       ||    47

Table legend: (Time is in decaauts)
 A = Elapsed time spent in this place.
 B = Non-inter-level travel time spent in this place.
 C = Inter-level travel time spent in this place.
 D = Time resting spent in this place.
 E = Time spent auto-exploring this place.
 F = Levels seen in this place.
 G = Mean time per level.
                   A        B        C        D        E       F      G
               +--------+--------+--------+--------+--------+-----+--------+
         Total |   5020 |   4902 |    118 |    829 |   3273 |   5 | 1004.0 |
       Dungeon |   5020 |   4902 |    118 |    829 |   3273 |   5 | 1004.0 |
               +--------+--------+--------+--------+--------+-----+--------+

Top non-repeatable levels by time:
     D:2: 1267 daAuts
     D:4: 1099 daAuts
     D:1: 1037 daAuts
     D:3: 917 daAuts
     D:5: 698 daAuts
